 Dungeon Crawl Stone Soup version 0.31-a0-182-gc5ef74bbde (webtiles) character file.

Game seed: 3775652828027774546

104 qw the Chopper (level 4, 0/28 HPs)
             Began as a Gargoyle Fighter on June 20, 2023.
             Slain by a gnoll
             ... wielding a +0 spear
              (4 damage)
             ... on level 2 of the Dungeon.
             The game lasted 00:00:35 (1179 turns).

qw the Chopper (Gargoyle Fighter)                   Turns: 1179, Time: 00:00:35

Health: 0/28       AC: 12    Str: 21    XL:     4   Next: 80%
Magic:  4/4        EV:  7    Int:  9    God:
Gold:   49         SH:  4    Dex:  9    Spells: 3/3 levels left

rFire   . . .        a - +0 war axe
rCold   . . .        c - +0 buckler
rNeg    + . .        i - +0 chain mail
rPois   inf          (no helmet)
rElec   +            (no cloak)
rCorr   .            (no gloves)
SInv    .            (no boots)
Will    .....        (no amulet) Stlth
                     (no ring)
HPRegen 0.24/turn    (no ring)
MPRegen 0.09/turn

%: no passive effects
@: no status effects
A: sickness immunity, AC +3, negative energy resistance 1, electricity
resistance, torment resistance 1, petrification resistance
a: no special abilities


You were on level 2 of the Dungeon.
You visited 1 branch of the dungeon, and saw 2 of its levels.

You collected 49 gold pieces.


Innate Abilities, Weirdness & Mutations

You are immune to sickness and miasma.
Your stone body is resilient. (AC +3)
You are immune to poison.
You resist negative energy. (rN+)
You are resistant to electric shocks. (rElec)
You are resistant to unholy torment.
You are immune to petrification.


   Skills:
 - Level 3.2 Fighting
 + Level 4.4 Axes
 - Level 3.2 Armour
 - Level 3.2 Shields


You had 3 spell levels left.
You didn't know any spells.
Your spell library was empty.

Inventory:

Hand Weapons
 a - a +0 war axe (weapon)
 g - a +0 mace
Armour
 b - a +0 helmet
 c - a +0 buckler (worn)
 i - a +0 chain mail (worn)
Potions
 d - a potion of might
 e - a potion of attraction {unknown}
 f - 2 potions of brilliance {unknown}
 h - a potion of haste {unknown}
 j - a potion of lignification {unknown}
 k - a potion of degeneration {unknown}

Dungeon Overview and Level Annotations

Branches:
Dungeon (2/15)

Altars:


Message History

You barely miss the gnoll. You hit the gnoll.
A bat comes into view.
The gnoll hits you but does no damage. The gnoll hits you with a +0 whip!
The gnoll barely misses you.
The bat moves out of view.
You hit the gnoll.
The gnoll is heavily wounded.
You hit the gnoll. The gnoll hits you with a +0 spear.
The gnoll hits you but does no damage. x2
You hit the gnoll.
The gnoll is severely wounded.
You barely miss the gnoll.
A hobgoblin comes into view.
The gnoll hits you but does no damage. You block the gnoll's attack.
The gnoll hits you from afar with a +0 spear.
The bat closely misses you.
The hobgoblin shouts!
You slash the gnoll!
You kill the gnoll!
You miss the bat. You slash the gnoll! The bat closely misses you.
The bat hits you but does no damage. The gnoll hits you but does no damage.
You block the gnoll's attack. The gnoll barely misses you.
The gnoll hits you with a +0 whip.
You barely miss the gnoll.
The gnoll is almost dead.
You hit the bat. The bat hits you but does no damage.
You block the bat's attack. The gnoll hits you but does no damage.
The gnoll barely misses you.
You hit the gnoll.
You kill the gnoll!
You slash the bat!
You kill the bat!
The gnoll hits you from afar with a +0 spear.
You hit the hobgoblin but do no damage. The hobgoblin hits you.
The gnoll completely misses you. The gnoll hits you but does no damage.
The hobgoblin hits you but does no damage.
You closely miss the hobgoblin. The hobgoblin hits you.
The gnoll hits you from afar with a +0 spear.
You die...

####### ......# ##
####### #.# #..# #####
...# ....# ...# ###.#
###g..## ###'####
###).#...# ..%....#
#.#@g.#..# ....)%.#
#...[..#.
....)))#######.......#
###.#%)..............#
'...#%##...###...#####
#####)#<...# #...# #
#.##...# #...#
#..+...# #####
####...###


You could see a gnoll and a hobgoblin.

Vanquished Creatures
  Natasha (D:2)
  Robin (D:2)
  An adder (D:2)
  2 gnolls (D:2)
  A dart slug (D:1)
  An endoplasm (D:1)
  A giant cockroach (D:2)
  9 goblins
  7 hobgoblins
  2 jackals (D:1)
  3 kobolds (D:1)
  A ball python (D:1)
  3 bats
  2 frilled lizards (D:1)
  3 rats (D:1)
38 creatures vanquished.

Notes
Turn   | Place    | Note
-------+----------+-------------------------------------------
     0 | D:1      | qw the Gargoyle Fighter began the quest for the Orb.
     0 | D:1      | Reached XP level 1. HP: 14/14 MP: 1/1
     0 | D:1      | 0 ||| qw: Version: 0.3-a-9-g12657ce
     0 | D:1      | 0 ||| qw: Game counter: 1335
     0 | D:1      | 0 ||| qw: Always use a shield: true
     0 | D:1      | 0 ||| qw: God list: Okawaru
     0 | D:1      | 0 ||| qw: Allow faded altars: false
     0 | D:1      | 0 ||| qw: Do Orc after D:15 true
     0 | D:1      | 0 ||| qw: Do second Lair branch before Depths: true
     0 | D:1      | 0 ||| qw: Lair rune preference: random
     0 | D:1      | 0 ||| qw: Plans: Normal, Zot:1-4, Slime:5, God:TSO, Crypt,
                  | Tomb, Abyss, Pan, Hells, Win
     0 | D:1      | 0 ||| PLANNING D:1-11
    82 | D:1      | Reached skill level 2 in Axes
   292 | D:1      | Reached XP level 2. HP: 19/19 MP: 2/2
   293 | D:1      | 293 ||| Stepping ~*~*~tactically~*~*~ (stealth).
   439 | D:1      | 439 ||| DROPPING +0 club.
   448 | D:1      | 448 ||| Stepping ~*~*~tactically~*~*~ (hiding).
   757 | D:1      | 757 ||| UPGRADING to +0 chain mail.
   767 | D:1      | 767 ||| DROPPING +0 scale mail.
   791 | D:2      | Noticed Robin
   792 | D:2      | 792 ||| Stepping ~*~*~tactically~*~*~ (hiding).
   793 | D:2      | 793 ||| Stepping ~*~*~tactically~*~*~ (hiding).
   797 | D:2      | Reached skill level 3 in Axes
   799 | D:2      | Reached XP level 3. HP: 23/23 MP: 3/3
   809 | D:2      | Killed Robin
   847 | D:2      | 847 ||| FLEEEEING.
   851 | D:2      | 851 ||| STAIRDANCE
   930 | D:2      | Noticed Natasha
   931 | D:2      | 931 ||| Stepping ~*~*~tactically~*~*~ (hiding).
   944 | D:2      | HP: 2/23 [Natasha (4)]
   947 | D:2      | Killed Natasha
   948 | D:2      | Reached skill level 4 in Axes
   948 | D:2      | Reached XP level 4. HP: 3/28 MP: 4/4
  1177 | D:2      | HP: 7/28 [gnoll/+0 spear (5)]
  1179 | D:2      | Slain by a gnoll

Levels and vault maps discovered:
D:1:      dpeg_arrival_tiny_i, layout_basic
D:2:      layout_basic, serial_shops, nicolae_shop_trees,
          hangedman_decor_slide_cut, uniq_terence, uniq_natasha, uniq_robin

Skill      XL: |  1  2  3 |
---------------+----------+-----
Axes           | 2 3 4 |  4.4
Fighting       | |  3.2
Armour         | |  3.2
Shields        | |  3.2

Action                     |  1- 3 |  4- 6 || total
---------------------------+-------+-------++-------
  Melee: War axe           |    88 |    18 ||   106
 Armour: Scale mail        |    19 |       ||    19
         Chain mail        |    36 |    18 ||    54
  Dodge: Dodged            |    36 |     9 ||    45
  Block: Buckler           |    26 |     5 ||    31

Table legend:
 A = Non-vault XP
 B = Vault XP
 C = Vault XP percentage of total XP
 D = Non-vault monster count
 E = Vault monster count
 F = Vault count percentage of total count
                 A         B        C        D         E       F
            +---------+---------+-------+---------+---------+-------
      Total |      76 |      73 |  49.0 |      24 |      14 |  36.8
            +---------+---------+-------+---------+---------+-------
        D:1 |      27 |       0 |   0.0 |      17 |       0 |   0.0
        D:2 |      49 |      73 |  59.8 |       7 |      14 |  66.7
            +---------+---------+-------+---------+---------+-------
